 Dungeon Crawl Stone Soup version 0.28-a0-1080-g05a166d0ed (webtiles) character file.

Game seed: 12245002762773109563

2466 jasper the Chopper (level 9, -2/54 HPs)
             Began as a Tengu Fighter on Dec 9, 2021.
             Was an Initiate of Wu Jian.
             Slain by a two-headed ogre (20 damage)
             ... on level 7 of the Dungeon.
             The game lasted 00:11:07 (7082 turns).

jasper the Chopper (Tengu Fighter)                  Turns: 7082, Time: 00:11:07

Health: -2/54      AC: 13    Str: 22    XL:     9   Next: 51%
Magic:  10/10      EV: 11    Int: 11    God:    Wu Jian [......]
Gold:   327        SH:  5    Dex: 13    Spells: 8/8 levels left

rFire   + . .      SeeInvis .   a - +0 war axe
rCold   + . .      Faith    .   c - +0 buckler
rNeg    + . .      Spirit   .   s - +3 scale mail {rN+}
rPois   .          Reflect  .   (helmet restricted)
rElec   .          Harm     .   F - +0 cloak
rCorr   .          Rampage  .   f - +0 pair of gloves
Will    .....                   (boots unavailable)
Stlth   ..........              (no amulet)
HPRegen 0.18/turn               y - ring "Olunoehuxo" {+Blink rF+ rC+ Int+3 Stlth-}
MPRegen 0.12/turn               (no ring)

@: flying quickly and evasively, quick
A: beak, talons 3, nimble flight
a: Renounce Religion, Evoke Blink


You were on level 7 of the Dungeon.
You worshipped Wu Jian.
Wu Jian was noncommittal.
You visited 2 branches of the dungeon, and saw 8 of its levels.

You collected 327 gold pieces.

Inventory:

Hand Weapons
 a - a +0 war axe (weapon)
 g - a +2 dagger of venom
 q - a +0 morningstar
 v - the +5 whip of Ucadiem {flame, +Blink}
   (You found it on level 5 of the Dungeon)

   It burns those it strikes, dealing additional fire damage.
   +Blink:    It lets you blink.
 J - a +2 flail of protection
Missiles
 e - 188 stones
 m - 6 poisoned darts (quivered)
 o - 4 curare-tipped darts
 w - a throwing net
 x - 6 javelins
Armour
 b - a +0 scale mail
 c - a +0 buckler (worn)
 f - a +0 pair of gloves (worn)
 i - a +0 kite shield
 r - a +0 chain mail
 s - a +3 scale mail of positive energy (worn)
 F - a +0 cloak (worn)
Jewellery
 p - a ring of magical power
 y - the ring "Olunoehuxo" (left hand) {+Blink rF+ rC+ Int+3 Stlth-}
   (You found it on level 5 of the Dungeon)

   [ring of protection from fire]

   Int:       It affects your intelligence (+3).
   rF:        It protects you from fire.
   rC:        It protects you from cold.
   +Blink:    It lets you blink.
   Stlth:     It makes you less stealthy.
Wands
 C - a wand of acid (1)
Scrolls
 k - a scroll of teleportation
 n - 2 scrolls of fear
 t - a scroll of blinking
 E - a scroll of vulnerability {unknown}
 G - 2 scrolls of magic mapping {unknown}
 H - a scroll of identify
Potions
 d - a potion of might
 h - 3 potions of lignification {unknown}
 j - 3 potions of degeneration
 l - 2 potions of mutation
 u - a potion of berserk rage
 z - a potion of cancellation {unknown}
 A - a potion of brilliance {unknown}
 B - a potion of ambrosia {unknown}
 D - a potion of magic {unknown}
 I - a potion of haste {unknown}
 K - a potion of heal wounds


   Skills:
 + Level 5.5 Fighting
 * Level 7.5 Axes
 + Level 6.0 Armour
 + Level 5.3 Shields
 - Level 7.0 Evocations


You had 8 spell levels left.
You didn't know any spells.
Your spell library contained the following spells:

 Spells                   Type           Power      Damage    Failure   Level
 Animate Skeleton         Necr           0%         N/A       65%         1
 Apportation              Tloc           0%         N/A       65%         1
 Summon Small Mammal      Summ           0%         N/A       65%         1
 Ensorcelled Hibernation  Hex/Ice        0%         N/A       78%         2
 Tukima's Dance           Hex            0%         N/A       95%         3
 Hailstorm                Conj/Ice       0%         3d3       100%        4
 Ice Form                 Ice/Tmut       0%         N/A       100%        4
 Petrify                  Tmut/Erth      0%         N/A       100%        4
 Metabolic Englaciation   Hex/Ice        0%         N/A       100%        5
 Simulacrum               Ice/Necr       0%         N/A       100%        6
 Statue Form              Tmut/Erth      0%         N/A       100%        6


Dungeon Overview and Level Annotations

Branches:
Dungeon (7/15)             Temple (1/1) D:6

Altars:
Ashenzari
Cheibriados
Dithmenos
Elyvilon
Fedhas
Gozag
Hepliaklqana
Kikubaaqudgha
Makhleb
Nemelex Xobeh
Qazlal
Ru
Sif Muna
Trog
Uskayaw
Vehumet
Wu Jian
Xom
Zin
The Shining One

Annotations:
D:7 1 transporter, Daunt's ghost, novice DEFE


Innate Abilities, Weirdness & Mutations

You have a beak for a mouth.
You have claws for feet.
Your magical nature lets you fly swiftly and evasively.


Message History

The Council accepts your kill.
The bolt of acid hits the howler monkey!
The howler monkey is almost dead.
The shadow imp laughs crazily.
You hit the two-headed ogre but do no damage.
You claw the two-headed ogre, but do no damage.
You peck the two-headed ogre.
The two-headed ogre is heavily wounded.
The two-headed ogre hits you but does no damage. x2
Aiming: Corrosive Bolt
Press: ? - help, Shift-Dir - straight line, f/p - two-headed ogre
Aim: a two-headed ogre, wielding a +0 dire flail and a +0 giant club (moderately wounded, covered in acid, 88% to hit)
The bolt of acid misses the howler monkey.
The bolt of acid hits the two-headed ogre!
The two-headed ogre seems to be corroded for longer.
The two-headed ogre is severely wounded.
The howler monkey hits you but does no damage.
Aiming: Corrosive Bolt
Press: ? - help, Shift-Dir - straight line, f/p - two-headed ogre
Aim: a two-headed ogre, wielding a +0 dire flail and a +0 giant club (severely wounded, covered in acid, 88% to hit)
The bolt of acid hits the two-headed ogre!
The two-headed ogre seems to be corroded for longer.
The two-headed ogre is almost dead.
The bolt of acid hits the howler monkey!!
The acid corrodes the howler monkey!
You kill the howler monkey!
The Council accepts your kill.
Your Armour skill increases to level 6!
Aiming: Corrosive Bolt
Press: ? - help, Shift-Dir - straight line, f/p - two-headed ogre
Aim: a two-headed ogre, wielding a +0 dire flail and a +0 giant club (almost dead, covered in acid, 88% to hit)
The bolt of acid misses the two-headed ogre.
The bolt of acid hits the shadow imp!!
You kill the shadow imp!
The Council accepts your kill.
You barely miss the two-headed ogre. You claw the two-headed ogre.
The two-headed ogre is almost dead.
The two-headed ogre hits you with a +0 dire flail!
The two-headed ogre hits you with a +0 giant club!!
You die...

....
............<###
##...
...#####.......##
#.. .# #........#
#....##...#
#...## #...## #
#...# #...#####
#..## ...##..
#..# #..... #@.#
#..... #O##
##..>..
#######.##
##......
#†)......##
###...##..
#'###.....#
##....###.. .5c
####..####...###
##. .....
##..#....## ##
#....(. #......##
# #...###
##....## #


You could see a two-headed ogre (corroded).

Vanquished Creatures
  A steam dragon (D:6)
  Edmund (D:6)
  Menkaure (D:6)
  Duvessa (D:6)
  A black bear (D:5)
  2 ogres
  2 centaurs (D:7)
  2 phantoms
  A bullfrog (D:5)
  3 scorpions (D:7)
  A wyvern skeleton (D:5)
  Dowan (D:6)
  A water moccasin skeleton (D:4)
  4 howler monkeys
  A bullfrog zombie (D:6)
  A centaur zombie (D:6)
  2 hounds (D:6)
  Crazy Yiuf (D:6)
  5 orc priests
  2 bullfrog skeletons (D:5)
  A centaur skeleton (D:5)
  3 iguanas
  3 orc wizards
  Terence (D:3)
  3 hound skeletons
  A howler monkey zombie (D:6)
  6 gnolls (D:4)
  13 adders
  2 shadow imps
  3 white imps
  2 ufetubi (D:4)
  A worm (D:2)
  6 dart slugs
  26 orcs
  3 endoplasms
  2 giant cockroaches (D:2)
  5 goblins
  5 hobgoblins
  8 jackals
  6 kobolds
  3 quokkas
  6 ball pythons (D:2)
  3 bats
  3 frilled lizards (D:2)
  3 rats (D:2)
152 creatures vanquished.

Vanquished Creatures (others)
  9 plants (D:5)
9 creatures vanquished.

Grand Total: 161 creatures vanquished

Notes
Turn   | Place    | Note
-------+----------+-------------------------------------------
     0 | D:1      | jasper the Tengu Fighter began the quest for the Orb.
     0 | D:1      | Reached XP level 1. HP: 14/14 MP: 2/2
    90 | D:1      | Reached XP level 2. HP: 19/19 MP: 3/3
   608 | D:2      | Reached XP level 3. HP: 23/23 MP: 4/4
   983 | D:2      | Reached XP level 4. HP: 27/28 MP: 5/5
  1061 | D:2      | Found a faded altar of an unknown god.
  1458 | D:3      | Gained mutation: Your magical nature lets you fly swiftly
                  | and evasively. [Tengu growth]
  1458 | D:3      | Reached XP level 5. HP: 25/32 MP: 6/6
  1816 | D:3      | Noticed Terence
  1826 | D:3      | Killed Terence
  2050 | D:3      | Reached XP level 6. HP: 38/38 MP: 7/7
  2486 | D:4      | Reached skill level 5 in Axes
  3068 | D:4      | Reached XP level 7. HP: 35/44 MP: 8/8
  3338 | D:5      | Entered Level 5 of the Dungeon
  3344 | D:5      | Identified the +5 whip of Ucadiem {flame, +Blink}
  3443 | D:5      | Identified the ring "Olunoehuxo" {+Blink rF+ rC+ Int+3
                  | Stlth-}
  3548 | D:5      | Reached skill level 1 in Evocations
  4218 | D:5      | Reached XP level 8. HP: 43/48 MP: 9/9
  4246 | D:5      | Reached skill level 5 in Evocations
  4694 | D:6      | Found a staircase to the Ecumenical Temple.
  4694 | D:6      | Noticed Dowan
  4699 | D:6      | Noticed Duvessa
  4704 | D:6      | Killed Duvessa
  4705 | D:6      | Killed Dowan
  4719 | Temple   | Entered the Ecumenical Temple
  4942 | Temple   | Became a worshipper of the Wu Jian Council
  5326 | D:6      | Found a runed translucent door.
  5327 | D:6      | Noticed Crazy Yiuf
  5402 | D:6      | Reached skill level 5 in Armour
  5728 | D:6      | Noticed Menkaure
  5732 | D:6      | Killed Menkaure
  5733 | D:6      | Reached XP level 9. HP: 31/53 MP: 10/10
  6056 | D:6      | Reached skill level 5 in Fighting
  6189 | D:6      | Noticed Edmund
  6208 | D:6      | Killed Edmund
  6479 | D:6      | Killed Crazy Yiuf
  6480 | D:6      | Reached skill level 5 in Shields
  6515 | D:7      | Noticed a moth of wrath
  6629 | D:7      | Found a transporter.
  6633 | D:7      | Noticed Daunt's ghost (novice DEFE)
  6635 | D:7      | Found a bloodstained altar of Trog.
  6652 | D:7      | Noticed a two-headed ogre
  6750 | D:7      | Found a shimmering altar of Xom.
  6750 | D:7      | Found a shadowy altar of Dithmenos.
  6750 | D:7      | Found a shimmering blue altar of Sif Muna.
  6816 | D:7      | Found a burning altar of Makhleb.
  6817 | D:7      | Found a blossoming altar of Fedhas.
  6819 | D:7      | Found a bloodstained altar of Trog.
  6819 | D:7      | Found a sacrificial altar of Ru.
  6820 | D:7      | Found an opulent altar of Gozag.
  6822 | D:7      | Found a glowing golden altar of the Shining One.
  6826 | D:7      | Found a white marble altar of Elyvilon.
  6827 | D:7      | Found a radiant altar of Vehumet.
  7061 | D:7      | Noticed a two-headed ogre
  7082 | D:7      | Slain by a two-headed ogre

Illustrated notes

Levels and vault maps discovered:
D:1:      wander_arrival_chamber, layout_rooms, kennysheep_pointless_box,
          corexii_corridor_pit
D:2:      layout_basic, nicolae_ecumenical_snake_handling, minmay_tall_x
D:3:      layout_basic, uniq_terence
D:4:      layout_basic, hangedman_decor_growths
D:5:      wad_lake_hut, layout_rooms, grunt_ministairs_15, minivault_4,
          feat_on_display
D:6:      layout_loops_ring, minmay_temple_entry_wispy,
          nicolae_ossuary_entry_false_entrances, uniq_crazy_yiuf_cottage,
          uniq_duvessa, uniq_menkaure, uniq_edmund
D:7:      layout_layer_cave, nicolae_overflow_hallway_of_the_gods,
          gammafunk_ghost_wrathful_warriors, grunt_potential
Temple:   nicolae_temple_figure_zero

Skill      XL: |  1  2  3  4  5  6  7  8  9 |
---------------+----------------------------+-----
Axes           | 3 4 5 6 7 |  7.5
Armour         | 4 5 6 |  6.0
Fighting       | 4 5 |  5.5
Shields        | 4 5 |  5.3
Evocations     | 4 7 |  7.0

Action                   |  1- 3 |  4- 6 |  7- 9 || total
-------------------------+-------+-------+-------++-------
Melee: War axe           |    51 |   120 |   216 ||   387
       Kick              |    10 |    32 |    80 ||   122
       Peck              |     6 |    17 |    52 ||    75
Throw: Stone             |    24 |     9 |       ||    33
       Dart              |       |    17 |    25 ||    42
Invok: Lunge             |       |       |     6 ||     6
Evoke: Wand              |       |       |    10 ||    10
  Use: Scroll            |     2 |     6 |     3 ||    11
       Potion            |       |     3 |     1 ||     4
Armor: Scale mail        |    16 |    63 |    92 ||   171
Dodge: Dodged            |    23 |    69 |   105 ||   197
Block: Buckler           |     5 |    31 |    44 ||    80

Table legend: (Time is in decaauts)
 A = Elapsed time spent in this place.
 B = Non-inter-level travel time spent in this place.
 C = Inter-level travel time spent in this place.
 D = Time resting spent in this place.
 E = Time spent auto-exploring this place.
 F = Levels seen in this place.
 G = Mean time per level.
                   A        B        C        D        E       F      G
               +--------+--------+--------+--------+--------+-----+--------+
         Total |   6895 |   6713 |    182 |    799 |   4681 |   8 |  861.9 |
       Dungeon |   6673 |   6499 |    174 |    799 |   4472 |   7 |  953.3 |
        Temple |    222 |    214 |      8 |      0 |    209 |   1 |  222.0 |
               +--------+--------+--------+--------+--------+-----+--------+

Top non-repeatable levels by time:
     D:6: 1557 daAuts
     D:5: 1280 daAuts
     D:4: 1157 daAuts
     D:2: 882 daAuts
     D:3: 689 daAuts
     D:1: 584 daAuts
     D:7: 522 daAuts
  Temple: 222 daAuts
